Map: Tokamak LE

Players

MaxPax - Winner!

  • Race: Protoss Protoss
  • Spawn Location: 1:00

LiquidMaNa (MaNa)

  • Race: Protoss Protoss
  • Spawn Location: 7:00

VOD

Have the link to the VOD?

Description

Time

  • Played on: Nov. 10, 2025, 11:19 a.m.
  • Length: 5:12
Show
View Real Time Build Order
Export as new Build Order

MaxPax Protoss - Winner!

Build Orders: Oracle Opening 

Get SALT Encoding   

  12  0:00  Probe  
  13  0:12  Probe  
  14  0:17  Pylon  
  14  0:24  Probe  
  15  0:32  Probe  
  15  0:37  Gateway  
  15  0:40  Probe  
  16  0:46  Assimilator  
  17  0:51  Probe  
  17  0:54  Assimilator  
  18  0:59  Probe  
  19  1:05  Pylon  
  19  1:07  Probe  
  20  1:17  Probe  
  20  1:24  Cybernetics Core  
  21  1:29  Probe  
  22  1:33  Zealot  
  24  1:41  Probe  
  25  1:53  Probe  
  26  2:00  Stargate  
  26  2:02  Adept  
  26  2:07  Warp Gate  
  28  2:25  Nexus  
  28  2:31  Pylon  
  28  2:34  Oracle  
  31  2:49  Probe  
  32  2:54  Adept  
  34  3:01  Oracle, Probe  
  36  3:13  Probe  
  37  3:25  Probe  
  38  3:36  Twilight Council  
  38  3:37  Probe, Gateway  
  38  3:40  Probe  
  40  3:42  Shield Battery  
  40  3:50  Probe  
  40  3:54  Probe  
  42  4:01  Gateway  
  42  4:04  Shield Battery  
  42  4:09  Stalker  
  44  4:10  Shield Battery  
  44  4:22  Probe  
  49  4:25  Probe  
  49  4:27  Void Ray  
  50  4:31  Shield Battery  
  50  4:34  Stalker  
  52  4:39  Stalker  
  52  4:43  Shield Battery  
  54  4:48  Probe x2  
  54  4:56  Stalker  
  54  4:57  Pylon  
  52  5:00  Probe x2  
Show
View Real Time Build Order
Export as new Build Order

LiquidMaNa Protoss 

Build Orders:  

Get SALT Encoding   

  12  0:00  Probe  
  13  0:12  Probe  
  14  0:17  Pylon  
  14  0:24  Probe  
  15  0:32  Probe  
  15  0:37  Gateway  
  15  0:40  Probe  
  16  0:45  Assimilator  
  17  0:50  Probe  
  18  0:59  Probe  
  19  1:04  Assimilator  
  19  1:07  Probe  
  19  1:10  Gateway  
  20  1:17  Probe  
  20  1:24  Cybernetics Core  
  21  1:29  Probe  
  22  1:41  Probe  
  23  1:50  Pylon  
  23  2:05  Warp Gate  
  23  2:12  Nexus  
  23  2:19  Adept  
  25  2:24  Adept  
  27  2:30  Probe  
  28  2:37  Shield Battery  
  28  2:42  Probe  
  28  2:48  Pylon  
  28  2:49  Sentry  
  30  2:54  Probe  
  31  3:06  Probe  
  31  3:11  Sentry  
  31  3:12  Sentry  
  36  3:19  Probe  
  37  3:20  Pylon  
  37  3:26  Probe  
  38  3:31  Probe  
  39  3:38  Probe  
  39  3:41  Twilight Council  
  40  3:43  Probe  
  41  3:50  Probe  
  41  3:53  Stalker x2  
  41  3:55  Probe, Stalker  
  46  4:02  Probe  
  42  4:16  Stalker x2  
  43  4:20  Probe  
  36  4:39  Stalker x2  
  40  4:47  Pylon  
Tags
 
Matchup
PvP
Spawn Locations
Cross Positions
Add a new tag
Caveats
  • Supply blocks, unpowered buildings, or Contaminate may cause inaccurate times.
  • Supply counts are checked every 10 seconds.